 Dungeon Crawl Stone Soup version 0.31-a0-83-gbff143cfd1 (webtiles) character file.

Game seed: 1149074012095619012

103 IdlyInterested the Grave Robber (level 4, -4/34 HPs)
             Began as a Demonspawn Wanderer on May 24, 2023.
             Slain by a gnoll
             ... wielding a +0 halberd
              (12 damage)
             ... on level 4 of the Dungeon.
             The game lasted 00:11:44 (2823 turns).

IdlyInterested the Grave Robber (DsWn)              Turns: 2823, Time: 00:11:46

Health: -4/34      AC:  3    Str:  9 (12) XL:     4   Next: 51%
Magic:  1/8        EV: 11    Int: 13 (15) God:
Gold:   109        SH:  3    Dex: 12 (13) Spells: 8/9 levels left

rFire   . . .        q - +0 trident
rCold   . . .        d - +0 buckler
rNeg    . . .        n - +0 leather armour
rPois   .            (no helmet)
rElec   .            (no cloak)
rCorr   .            (no gloves)
SInv    .            (no boots)
Will    .....        (no amulet)
Stlth   +            (no ring)
HPRegen 0.25/turn    (no ring)
MPRegen 0.11/turn

%: no passive effects
@: no status effects
A: sturdy frame 1
a: no special abilities


You were on level 4 of the Dungeon.
You visited 1 branch of the dungeon, and saw 4 of its levels.

You collected 109 gold pieces.

Inventory:

Hand Weapons
 a - a +0 dagger
 f - a +0 mace
 g - a +0 short sword
 l - a +0 quarterstaff
 p - a +0 hand axe
 q - a +0 trident (weapon)
Missiles
 h - 8 stones
Armour
 c - a +0 robe
 d - a +0 buckler (worn)
 j - a +0 kite shield
 n - a +0 leather armour (worn)
 r - a +0 scale mail
Scrolls
 k - a scroll of blinking {unknown}
 s - a scroll of poison {unknown}
 t - a scroll of vulnerability {unknown}
Potions
 b - a potion of might
 e - a potion of berserk rage
 i - a potion of enlightenment
 m - a potion of mutation
 o - a potion of resistance
 u - a potion of haste {unknown}


   Skills:
 + Level 2.9 Fighting
 - Level 1.0 Throwing
 - Level 1.0 Armour
 - Level 1.0 Dodging
 - Level 1.0 Stealth
 - Level 1.0 Shields
 - Level 3.0 Spellcasting
 - Level 5.4 Necromancy
 - Level 1.0 Transmutations
 + Level 0.8 Evocations


You had 8 spell levels left.
You knew the following spells:

 Your Spells              Type           Power      Damage    Failure   Level
a - Necrotise             Necr           64%        1d7       4%          1

Your spell library contained the following spells:

 Spells                   Type           Power      Damage    Failure   Level
 Sublimation of Blood     Necr           16%        N/A       6%          2
 Freeze                   Ice            4%         1d3       36%         1
 Summon Small Mammal      Summ           4%         N/A       36%         1
 Wereblood                Tmut           4%         N/A       36%         2
 Animate Dead             Necr           16%        N/A       38%         4
 Passwall                 Tmut/Erth      1%         N/A       50%         2
 Call Canine Familiar     Summ           1%         N/A       75%         3
 Frozen Ramparts          Ice            2%         1d1       75%         3
 Agony                    Necr           16%        N/A       75%         5
 Dazzling Flash           Conj/Hex       0%         N/A       80%         3
 Hailstorm                Conj/Ice       0%         3d3       80%         3
 Summon Guardian Golem    Hex/Summ       0%         N/A       80%         3
 Volatile Blastmotes      Fire/Tloc      0%         2d10      80%         3
 Fulminant Prism          Conj/Hex       0%         3d5       99%         4
 Iskenderun's Mystic Bla  Conj/Tloc      0%         2d3       99%         4
 Lee's Rapid Deconstruct  Erth           0%         3d4*      100%        5
 Silence                  Hex/Air        0%         N/A       100%        5


Dungeon Overview and Level Annotations

Branches:
Dungeon (4/15)
 Temple: D:4-7

Altars:


Innate Abilities, Weirdness & Mutations

Your movements are slightly less encumbered by armour. (ER -2)


Message History

Aim: a gnoll, wielding a +0 whip (lightly wounded, chance to affect: 80%)
The gnoll writhes in agony.
The gnoll closely misses you.
The gnoll hits you from afar with a +0 halberd!
* * * LOW HITPOINT WARNING * * *
Aiming: Necrotise (safe; 4% risk of failure)
Press: ? - help, Q - select action, (/) - cycle Shift-Dir - straight line, f/p - gnoll
Aim: a gnoll, wielding a +0 whip (moderately wounded, chance to affect: 80%)
The gnoll writhes in agony.
You block the gnoll's attack. The gnoll closely misses you.
Unknown command.
Aiming: Necrotise (safe; 4% risk of failure)
Press: ? - help, Q - select action, (/) - cycle Shift-Dir - straight line, f/p - gnoll
Aim: a gnoll, wielding a +0 whip (severely wounded, chance to affect: 80%)
The gnoll writhes in agony.
You kill the gnoll!
The dead are walking!
The gnoll closely misses you.
Okay, then.
Aiming: Necrotise (safe; 4% risk of failure)
Press: ? - help, Q - select action, (/) - cycle Shift-Dir - straight line, f - gnoll
Aim: a gnoll, wielding a +0 halberd (ally target, chance to affect: 80%)
The gnoll barely resists.
You block the gnoll's attack.
Unknown command.
You don't have enough magic to cast this spell.
You don't have enough magic to cast this spell.
Reach: q) +0 trident
Press: ? - help, Dir - move target, f/p - gnoll
Aim: a gnoll, wielding a +0 halberd (ally target, about 40% to evade your +0 trident)
You reach to attack!
You hit the gnoll.
The gnoll is lightly wounded.
Your gnoll skeleton closely misses the gnoll.
The gnoll hits you but does no damage.
Your gnoll skeleton hits the gnoll.
Reach: q) +0 trident
Press: ? - help, Dir - move target, f/p - gnoll
Aim: a gnoll, wielding a +0 halberd (lightly wounded, ally target, about 40% to evade your +0 trident)
You reach to attack!
You hit the gnoll.
The gnoll is heavily wounded.
The gnoll hits you from afar with a +0 halberd!
You die...

#.# ###+# #.# ...#
#.# #..######### #.#
#####..#... ...# #.#
....#Z...#####.###.#
#.g..............#
#)...#####.#####
#@.#.# #.#
........##.#####.#
##########.......#
#########


You could see a gnoll (ally target) and a friendly gnoll skeleton.

Vanquished Creatures
  A gnoll (D:4)
  An adder (D:4)
  A worm (D:2)
  A dart slug (D:3)
  2 orcs (D:3)
  7 ball pythons
  4 bats
  3 endoplasms (D:1)
  A giant cockroach (D:3)
  7 goblins
  8 hobgoblins
  3 jackals (D:2)
  3 kobolds
  4 quokkas (D:1)
  6 frilled lizards
  4 rats
56 creatures vanquished.

Vanquished Creatures (collateral kills)
  An adder (D:2)
  3 endoplasms (D:1)
  A giant cockroach (D:1)
  A quokka (D:1)
  A kobold (D:1)
7 creatures vanquished.

Grand Total: 63 creatures vanquished

Notes
Turn   | Place    | Note
-------+----------+-------------------------------------------
     0 | D:1      | IdlyInterested the Demonspawn Wanderer began the quest for
                  | the Orb.
     0 | D:1      | IdlyInterested set off with the following items: a +0
                  | dagger, a potion of might, a +0 robe, a +0 buckler; and the
                  | following spell memorised: Necrotise; and the following
                  | spells available to memorise: Sublimation of Blood,
                  | Wereblood, Animate Dead, Passwall.
     0 | D:1      | Reached XP level 1. HP: 13/13 MP: 4/4
    96 | D:1      | Reached skill level 1 in Fighting
   118 | D:1      | Reached skill level 1 in Armour
   118 | D:1      | Gained mutation: Your movements are slightly less
                  | encumbered by armour. (ER -2) [demonic ancestry]
   118 | D:1      | Reached XP level 2. HP: 21/21 MP: 6/6
   346 | D:1      | Reached skill level 1 in Dodging
   450 | D:1      | Reached XP level 3. HP: 27/27 MP: 4/7
   956 | D:2      | Reached skill level 1 in Stealth
  1730 | D:3      | Reached XP level 4. HP: 34/34 MP: 6/8
  2135 | D:3      | Reached skill level 1 in Throwing
  2823 | D:4      | Slain by a gnoll

Illustrated notes

Levels and vault maps discovered:
D:1:      mrwooster_arrival_statue_3, layout_basic, minmay_pentomino_r2
D:2:      layout_loops_cross, minmay_crystal_room
D:3:      layout_rooms, hangedman_decor_slide_cut
D:4:      layout_loops_corners, gup_sewer_entry_spiral

Skill      XL: |  1  2  3  4 |
---------------+-------------+-----
Fighting       | 1 2 |  2.9
Armour         | 1 |  1.0
Dodging        | 1 |  1.0
Stealth        | 1 |  1.0
Throwing       | 1 |  1.0
Shields        | |  1.0
Spellcasting   | |  3.0
Necromancy     | |  5.4
Transmutations | |  1.0
Evocations     | |  0.8

Action                     |  1- 3 |  4- 6 || total
---------------------------+-------+-------++-------
  Melee: Dagger            |    25 |       ||    25
         Trident           |     5 |     6 ||    11
         Short sword       |     5 |       ||     5
  Throw: Stone             |       |     4 ||     4
   Cast: Necrotise         |    60 |    33 ||    93
    Use: Scroll            |       |     3 ||     3
         Potion            |       |     2 ||     2
   Stab: Sleeping          |     1 |       ||     1
 Armour: Robe              |     7 |       ||     7
         Leather armour    |       |     2 ||     2
         Scale mail        |       |     1 ||     1
  Dodge: Dodged            |    37 |    11 ||    48
  Block: Buckler           |     6 |     4 ||    10

Table legend: (Time is in decaauts)
 A = Elapsed time spent in this place.
 B = Non-inter-level travel time spent in this place.
 C = Inter-level travel time spent in this place.
 D = Time resting spent in this place.
 E = Time spent auto-exploring this place.
 F = Levels seen in this place.
 G = Mean time per level.
                   A        B        C        D        E       F      G
               +--------+--------+--------+--------+--------+-----+--------+
         Total |   2830 |   2429 |    401 |    342 |   1502 |   4 |  707.5 |
       Dungeon |   2830 |   2429 |    401 |    342 |   1502 |   4 |  707.5 |
               +--------+--------+--------+--------+--------+-----+--------+

Top non-repeatable levels by time:
     D:2: 937 daAuts
     D:3: 870 daAuts
     D:1: 864 daAuts
     D:4: 157 daAuts
